AoeStats
← Ateir

Arena

510554615Analyzed
2v2 RM · 1d ago on Oct 1, 2026· 26m 6s· 4 players
Game mode
Random Map
Map size
Medium (4 player)
Population
200
Speed
Normal
Resources
Standard
Victory
Conquest
Starting age
Dark Age
Ending age
Imperial Age
RankedLock teamsTeams togetherTeam positionsShared explorationLock speedFull tech treeHidden civsTurbo modeCheats
Victory
Defeat
🇷🇺 Britons · Russia
886
+17
883
+17
🇳🇴 Danes · Norway
968
-20
🇳🇴 Khmer · Norway
834
-14
WhiteRaven
12:30 Feudal Age
13:49 Double-Bit Axe
13:46 Horse Collar
18:07 Castle Age
16:12 Stone Mining
16:13 Gold Mining
17:22 Fletching
19:21 Bow Saw
19:58 Wheelbarrow
21:13 Heavy Plow
22:02 Bodkin Arrow
22:29 Crossbowman
23:23 Crossbowman
мясная бимба
13:20 Feudal Age
14:25 Loom
17:42 Castle Age
16:28 Double-Bit Axe
16:25 Horse Collar
18:44 Heavy Plow
18:57 Bow Saw
26:32 Caravan
SalatNOR
10:27 Feudal Age
14:19 Castle Age
12:17 Loom
15:50 Horse Collar
22:41 Double-Bit Axe
Ateir
12:01 Feudal Age
13:50 Wheelbarrow
14:58 Horse Collar
15:31 Gold Mining
15:36 Double-Bit Axe
23:33 Castle Age
25:12 Hand Cart
Connection lost

Rejoining the realm…

Still unreachable

The connection could not be restored.

Session expired

The server has moved on; the page needs a fresh start.